 Dungeon Crawl Stone Soup version 0.27-a0-720-g3f424a255b (webtiles) character file.

Game seed: 12382018291600617663

192 Dreamer the Insei (level 5, -1/37 HPs)
             Began as an Octopode Transmuter on Mar 23, 2021.
             Killed from afar by an orc wizard (9 damage)
             ... with a puff of flame
             ... on level 4 of the Dungeon.
             The game lasted 00:13:45 (4290 turns).

Dreamer the Insei (Octopode Transmuter)             Turns: 4290, Time: 00:13:46

Health: -1/37      AC:  1    Str:  9    XL:     5   Next: 71%
Magic:  8/8        EV: 28    Int: 17    God:
Gold:   123        SH:  0    Dex: 14    Spells: 4/8 levels left

rFire    . . .     SeeInvis .   s - +5 dagger "Paamameg" {holy, Will+ Dex+2}
rCold    . . .     Faith    .   (no shield)
rNeg     + . .     Spirit   .   (helmet restricted)
rPois    .         Reflect  .   j - amulet of the acrobat
rElec    .         Harm     .   n - ring of resist corrosion
rCorr    +         Rampage  .   r - ring of positive energy
Will     +....                  (no ring)
Stlth    ++........             (no ring)
HPRegen  0.12/turn              (no ring)
MPRegen  0.11/turn              (no ring)
                                (no ring)
                                (no ring)

@: acrobatic
A: almost no armour, amphibious, 8 rings, camouflage 1, gelatinous body 1,
nimble swimmer 1, tentacles
a: no special abilities


You were on level 4 of the Dungeon.
You visited 1 branch of the dungeon, and saw 6 of its levels.

You collected 123 gold pieces.

Inventory:

Hand Weapons
 s - the +5 dagger "Paamameg" (weapon) {holy, Will+ Dex+2}
   (You found it on level 4 of the Dungeon)

   It has been blessed by the Shining One to cause great damage to the undead
   and demons.
   It affects your dexterity (+2).
   It affects your willpower, your defense against some magical effects.
Armour
 o - a +2 buckler
Magical Staves
 l - a staff of fire
Jewellery
 j - an amulet of the acrobat (around mantle)
 n - a ring of resist corrosion (left tentacle)
 r - a ring of positive energy (right tentacle)
Scrolls
 a - 3 scrolls of magic mapping
 e - 4 scrolls of enchant armour {unknown}
 f - 2 scrolls of identify {unknown}
 g - a scroll of immolation {unknown}
 i - a scroll of teleportation {unknown}
 p - a scroll of fear {unknown}
 q - a scroll of amnesia {unknown}
Potions
 b - 2 potions of lignification {unknown}
 c - a potion of curing {unknown}
 d - a potion of berserk rage {unknown}
 h - 3 potions of cancellation {unknown}
 k - 2 potions of invisibility {unknown}
 m - a potion of heal wounds {unknown}


   Skills:
 + Level 3.8 Fighting
 - Level 2.0 Dodging
 + Level 4.8 Unarmed Combat
 - Level 2.0 Spellcasting
 - Level 2.0 Transmutations


You had 4 spell levels left.
You knew the following spells:

 Your Spells              Type           Power      Damage    Failure   Level
a - Beastly Appendage     Tmut           16%        N/A       9%          1
b - Spider Form           Tmut/Pois      2%         N/A       36%         3

Your spell library contained the following spells:

 Spells                   Type           Power      Damage    Failure   Level
 Wereblood                Tmut           8%         N/A       13%         2
 Ice Form                 Ice/Tmut       5%         N/A       77%         4
 Blade Hands              Tmut           4%         N/A       93%         5


Dungeon Overview and Level Annotations

Branches:
Dungeon (6/15)
 Temple: D:4-7

Altars:
Ashenzari
Xom

Annotations:
D:3 Purgy
D:4 exclusion: phantom, Edmund


Innate Abilities, Weirdness & Mutations

You cannot wear most types of armour.
You are amphibious.
You can wear up to eight rings at the same time.
Your skin changes colour to match your surroundings (Stealth+).
Your rubbery body absorbs attacks. (AC +1, EV +1)
You are stealthy while swimming. (Stealth+)
You have tentacles for arms and can constrict up to eight enemies at once.


Message History

You constrict the jackal, but do no damage.
The jackal bites you.
You hit the jackal.
The jackal is severely wounded.
You constrict the jackal. The jackal bites you. x3
You hit the jackal.
You kill the jackal!
The jackal bites you but does no damage.
You hit the jackal.
You kill the jackal!
The jackal completely misses you.
You hit the jackal. Your grab misses the jackal.
The jackal is almost dead.
The jackal misses you. The jackal bites you.
You hit the jackal.
You kill the jackal!
The ooze freezes you.
You are frozen.
You hit the ooze.
The ooze is almost dead.
The ooze hits you.
You hit the ooze.
You kill the ooze!
You start resting.
An orc priest is nearby!
The orc wizard points at you and mumbles some strange words.
The magic dart hits you.
The orc wizard points at you and mumbles some strange words.
The puff of flame hits you! The orc wizard casts a spell at you.
The magic dart hits you. The orc wizard casts a spell at you.
The puff of flame hits you.
* * * LOW HITPOINT WARNING * * *
The orc shouts!
You hear a shout!
The orc wizard points at you and mumbles some strange words.
You resist with almost no effort.
The orc wizard gestures at you while chanting.
The puff of flame hits you!
You die...

................##.##
................##.†#
#................###.##
#...........###..###..#
#..........###...##o.##
##.......o.........##..#
##..#.#..................
#...#....................
#.......@.........##...##
#...............###...##
#..............###..###
#....####..o..###...#
###...## ####o.##...##
#......## ##o....##
#####...#######..<.##
#.......##.....#
#..............#### #.


You could see an orc priest (wandering), an orc wizard and 2 orcs.

Vanquished Creatures
  A water moccasin skeleton (D:3)
  Robin (D:2)
  A howler monkey skeleton (D:4)
  3 adders
  2 worms (D:2)
  A dart slug (D:3)
  An orc (D:4)
  4 giant cockroaches
  13 goblins
  10 hobgoblins
  6 jackals
  8 oozes
  4 quokkas
  4 ball pythons
  8 bats
  3 frilled lizards
  4 kobolds
  6 rats
80 creatures vanquished.

Notes
Turn   | Place    | Note
-------+----------+-------------------------------------------
     0 | D:1      | Dreamer the Octopode Transmuter began the quest for the
                  | Orb.
     0 | D:1      | Reached XP level 1. HP: 13/13 MP: 3/3
    66 | D:1      | Reached XP level 2. HP: 17/18 MP: 5/5
   847 | D:1      | Reached XP level 3. HP: 24/24 MP: 6/6
  1226 | D:2      | Noticed Robin
  1240 | D:2      | Killed Robin
  1690 | D:2      | Reached skill level 4 in Unarmed Combat
  1690 | D:2      | Reached XP level 4. HP: 12/30 MP: 5/7
  2116 | D:2      | Learned a level 3 spell: Spider Form
  2654 | D:3      | Reached XP level 5. HP: 24/36 MP: 6/8
  2827 | D:3      | Noticed Purgy
  3061 | D:3      | You fall into a shaft and drop 3 floors!
  3081 | D:6      | Found a shimmering altar of Xom.
  3082 | D:6      | Found a shimmering altar of Xom.
  3090 | D:5      | Entered Level 5 of the Dungeon
  3697 | D:4      | Found a broken altar of Ashenzari.
  3722 | D:4      | Noticed Edmund
  3961 | D:4      | Noticed a phantom
  4126 | D:4      | Identified the +5 dagger "Paamameg" {holy, Will+ Dex+2}
  4290 | D:4      | Killed from afar by an orc wizard

Illustrated notes

Levels and vault maps discovered:
D:1:      giann_forest_graveyard, layout_basic
D:2:      layout_rooms, uniq_robin
D:3:      layout_loops_ring, uniq_purgy
D:4:      layout_layer_cave, nicolae_ashenzari_panopticon, uniq_edmund
D:5:      layout_loops_corners, kennysheep_generic_room_11
D:6:      layout_loops_ring, xom_redecorated, serial_shops, nicolae_shop_trees,
          uniq_grinder, uniq_blork_the_orc

Skill      XL: |  1  2  3  4 |
---------------+-------------+-----
Fighting       | 2 3 |  3.8
Unarmed Combat | 4 |  4.8
Dodging        | |  2.0
Spellcasting   | |  2.0
Transmutations | |  2.0

Action                   |  1- 3 |  4- 6 || total
-------------------------+-------+-------++-------
Melee: Unarmed           |   100 |    81 ||   181
       Constrict         |    26 |    20 ||    46
       Punch             |     6 |     2 ||     8
       Tentacles         |    13 |    12 ||    25
       Kick              |     7 |     8 ||    15
       Dagger            |       |     9 ||     9
 Cast: Beastly Appendage |     7 |    10 ||    17
  Use: Scroll            |       |     1 ||     1
 Stab: Sleeping          |     4 |     6 ||    10
Armor: Skin              |     9 |     9 ||    18
Dodge: Dodged            |    41 |    53 ||    94
Block: Buckler           |       |     1 ||     1

Table legend: (Time is in decaauts)
 A = Elapsed time spent in this place.
 B = Non-inter-level travel time spent in this place.
 C = Inter-level travel time spent in this place.
 D = Time resting spent in this place.
 E = Time spent auto-exploring this place.
 F = Levels seen in this place.
 G = Mean time per level.
                   A        B        C        D        E       F      G
               +--------+--------+--------+--------+--------+-----+--------+
         Total |   4280 |   4259 |     21 |   1504 |   1772 |   6 |  713.3 |
       Dungeon |   4280 |   4259 |     21 |   1504 |   1772 |   6 |  713.3 |
               +--------+--------+--------+--------+--------+-----+--------+

Top non-repeatable levels by time:
     D:1: 1726 daAuts
     D:2: 1101 daAuts
     D:3: 712 daAuts
     D:4: 702 daAuts
     D:6: 28 daAuts
     D:5: 7 daAuts
